Map: Bel'Shir Vestige LE (Void)

Players

LiquidSnute (Snute)

  • Race: Zerg Zerg
  • Spawn Location: 11:00

Lambo - Winner!

  • Race: Zerg Zerg
  • Spawn Location: 5:00

Event: IEM XI Katowice - World Championship 2017

VOD

Have the link to the VOD?

Description

Time

  • Played on: Feb. 27, 2017, 5:04 a.m.
  • Length: 9:21

All games in this series

Show
View Real Time Build Order
Export as new Build Order

LiquidSnute Zerg 

Build Orders: Pool First, Zergling Baneling 

Get SALT Encoding   

  12  0:00  Drone  
  13  0:14  Extractor  
  12  0:24  Spawning Pool  
  12  0:28  Drone  
  12  0:33  Drone  
  13  0:37  Drone  
  14  0:49  Overlord  
  14  1:10  Queen  
  14  1:11  Zergling x2  
  17  1:16  Metabolic Boost  
  17  1:21  Zergling x2  
  17  1:25  Zergling x2  
  19  1:35  Baneling Nest  
  19  1:39  Zergling x2  
  19  1:44  Zergling x2  
  20  1:53  Overlord  
  20  1:59  Zergling x2  
  21  2:07  Zergling x2  
  22  2:16  Zergling x2  
  22  2:19  Zergling x4  
  25  2:26  Baneling  
  25  2:27  Baneling  
  25  2:28  Zergling x2  
  26  2:31  Zergling x2  
  27  2:44  Drone  
  25  2:58  Zergling x6  
  25  3:02  Drone  
  27  3:07  Baneling x2  
  27  3:11  Drone  
  28  3:23  Drone  
  29  3:29  Hatchery  
  29  3:31  Baneling  
  29  3:32  Baneling  
  26  3:45  Drone  
  26  3:46  Drone x2  
  25  3:48  Baneling  
  25  3:57  Zergling x2  
  25  4:00  Queen  
  26  4:05  Zergling x2  
  26  4:07  Zergling x2  
  26  4:09  Zergling x2  
  28  4:12  Zergling x2  
  28  4:16  Baneling  
  29  4:18  Baneling  
  29  4:22  Overlord  
  29  4:35  Baneling  
  29  4:39  Baneling  
  29  4:41  Drone x4  
  29  4:42  Drone  
  34  4:54  Drone x2  
  34  4:56  Baneling  
  34  4:58  Baneling  
  36  5:03  Queen  
  38  5:09  Zergling x4  
  38  5:10  Zergling x2  
  40  5:18  Zergling x6  
  40  5:20  Zergling x2  
  40  5:21  Zergling x2  
  41  5:23  Zergling x2  
  39  5:29  Baneling x2  
  39  5:31  Drone x2  
  38  5:39  Drone  
  39  5:44  Drone  
  40  5:50  Drone  
  40  5:52  Drone  
  40  5:56  Drone x2  
  43  5:58  Drone  
  43  6:02  Drone  
  43  6:06  Overlord  
  43  6:11  Overlord  
  43  6:24  Drone  
  43  6:25  Drone x3  
  47  6:26  Hatchery  
  47  6:27  Drone x2  
  47  6:28  Drone  
  47  6:29  Drone  
  50  6:35  Drone  
  50  6:36  Extractor  
  50  6:38  Lair, Evolution Chamber  
  50  6:39  Baneling x2  
  49  6:46  Roach Warren, Extractor  
  47  6:49  Drone  
  47  6:52  Extractor, Drone x2  
  49  6:54  Drone  
  49  6:57  Drone x2  
  49  7:00  Drone x2  
  54  7:04  Drone  
  54  7:07  Zerg Missile Weapons Level 1  
  55  7:10  Drone  
  54  7:16  Drone  
  54  7:20  Drone  
  54  7:21  Drone x3  
  59  7:27  Overlord, Roach  
  59  7:28  Overlord  
  60  7:34  Overlord  
  60  7:35  Glial Reconstitution  
  60  7:42  Roach x3  
  66  7:46  Queen  
  67  7:52  Roach x3  
  72  8:05  Drone x8  
  74  8:07  Ravager  
  74  8:09  Drone x2  
  74  8:10  Drone  
  78  8:15  Ravager  
  79  8:20  Drone x2  
  79  8:21  Drone  
  79  8:27  Extractor x2  
  79  8:33  Roach x3  
  83  8:34  Ravager  
  83  8:35  Ravager x2  
  86  8:41  Overlord x2  
  86  8:43  Roach  
  89  8:54  Overlord x2  
  89  9:00  Roach x9  
Show
View Real Time Build Order
Export as new Build Order

Lambo Zerg - Winner!

Build Orders: Hatch First 

Get SALT Encoding   

  12  0:00  Drone  
  13  0:12  Overlord  
  13  0:17  Drone  
  14  0:31  Drone x2  
  14  0:35  Drone  
  17  0:51  Hatchery  
  17  0:54  Drone  
  17  0:57  Drone  
  18  1:08  Extractor  
  17  1:11  Spawning Pool  
  17  1:14  Drone  
  17  1:18  Drone  
  18  1:29  Drone  
  19  1:41  Overlord  
  19  1:51  Drone  
  20  1:58  Queen  
  20  2:00  Zergling x2  
  23  2:03  Queen  
  23  2:04  Zergling x2  
  26  2:09  Metabolic Boost  
  26  2:14  Spine Crawler  
  25  2:18  Zergling x4  
  26  2:23  Zergling x2  
  26  2:29  Zergling x2  
  28  2:34  Zergling x2, Queen  
  31  2:42  Zergling x2  
  29  2:44  Zergling x2  
  29  2:51  Zergling x2  
  26  2:58  Zergling x2  
  24  3:07  Zergling x2, Baneling Nest  
  24  3:13  Queen  
  24  3:16  Zergling x2  
  24  3:17  Overlord  
  26  3:23  Zergling x4  
  28  3:28  Zergling x2  
  29  3:38  Overlord  
  28  3:44  Zergling x4  
  26  3:51  Baneling  
  26  3:52  Baneling x3  
  26  3:59  Zergling x2  
  24  4:14  Zergling x2  
  24  4:17  Hatchery  
  24  4:23  Drone  
  25  4:24  Drone x2  
  25  4:28  Zergling x2  
  28  4:33  Zergling x4  
  30  4:45  Zergling x2  
  31  4:47  Queen  
  33  4:53  Baneling x3  
  33  4:58  Zergling x2  
  31  5:18  Drone x3  
  29  5:31  Zergling x8  
  33  5:37  Baneling x2  
  33  5:39  Drone  
  33  5:44  Zergling x4  
  34  5:52  Baneling x2  
  34  5:55  Drone  
  34  5:56  Drone  
  36  6:02  Drone x6  
  42  6:07  Drone  
  43  6:18  Hatchery  
  42  6:19  Drone  
  42  6:20  Drone  
  43  6:26  Overlord  
  43  6:27  Drone  
  43  6:32  Drone  
  45  6:35  Overlord  
  45  6:36  Roach Warren  
  45  6:39  Drone x2  
  46  6:43  Drone x2  
  46  6:46  Extractor, Drone  
  48  6:47  Extractor  
  48  6:50  Drone x2  
  49  6:55  Zergling x2  
  49  7:09  Zergling x8  
  52  7:18  Evolution Chamber  
  52  7:19  Roach x5  
  61  7:32  Overlord  
  62  7:38  Queen  
  62  7:39  Overlord  
  62  7:42  Roach x5  
  74  7:44  Overlord  
  71  7:52  Zergling x4, Roach x2  
  76  7:59  Roach x2  
  79  8:06  Roach x2  
  79  8:07  Roach x2  
  79  8:12  Zergling x8  
  91  8:17  Zergling x6  
  91  8:20  Zergling x2  
  91  8:23  Zergling x2  
  91  8:24  Ravager  
  91  8:25  Ravager  
  95  8:27  Overlord, Ravager  
  95  8:30  Zergling x2  
  96  8:34  Ravager  
  96  8:35  Zergling x2  
  96  8:39  Overlord  
  98  8:41  Overlord  
  98  8:43  Overlord  
  98  8:46  Overlord  
  98  8:50  Zergling x2  
  98  8:51  Zergling x4  
  100  8:56  Zergling x4  
  98  9:05  Ravager  

Tags
 
Add a new tag
Caveats
  • Supply blocks, unpowered buildings, or Contaminate may cause inaccurate times.
  • Supply counts are checked every 10 seconds.